 Dungeon Crawl Stone Soup version 0.30-a0-867-g305f33218d (webtiles) character file.

Game seed: 15261957430580777330

5 BigDaddyOpFi the Digger (level 1, -3/10 HPs)
             Began as a Deep Elf Earth Elementalist on Mar 10, 2023.
             Slain by a quokka (5 damage)
             ... on level 1 of the Dungeon.
             The game lasted 00:00:09 (29 turns).

BigDaddyOpFi the Digger (Deep Elf Earth Elementalist) Turns: 29, Time: 00:00:10

Health: -3/10      AC:  2    Str:  5    XL:     1   Next: 66%
Magic:  1/6        EV: 12    Int: 19    God:
Gold:   0          SH:  0    Dex: 15    Spells: 5/6 levels left

rFire   . . .      SeeInvis .    (no weapon)
rCold   . . .      Faith    .    (no shield)
rNeg    . . .      Spirit   .    a - +0 robe
rPois   .          Reflect  .    (no helmet)
rElec   .          Rampage  .    (no cloak)
rCorr   .                        (no gloves)
Will    .....                    (no boots)
Stlth   ++                       (no amulet)
HPRegen 0.21/turn                (no ring)
MPRegen 0.10/turn                (no ring)

@: no status effects
A: no striking features
a: no special abilities


You were on level 1 of the Dungeon.
You visited 1 branch of the dungeon, and saw 1 of its levels.

Inventory:

Armour
 a - a +0 robe (worn)
 c - a +0 pair of gloves
Potions
 b - a potion of magic


   Skills:
 + Level 2.5 Dodging
 + Level 2.6 Stealth
 + Level 3.1 Spellcasting
 + Level 1.2 Transmutations
 + Level 3.3 Earth Magic


You had 5 spell levels left.
You knew the following spells:

 Your Spells              Type           Power      Damage    Failure   Level
a - Sandblast             Erth           30%        2d9       3%          1

Your spell library contained the following spells:

 Spells                   Type           Power      Damage    Failure   Level
 Passwall                 Tmut/Erth      9%         N/A       9%          2
 Stone Arrow              Conj/Erth      18%        3d8       22%         3
 Petrify                  Tmut/Erth      11%        N/A       50%         4


Dungeon Overview and Level Annotations

Branches:
Dungeon (1/15)

Altars:


Message History

You can't see any susceptible monsters within range! (Use Z to cast anyway.)
You can't see any susceptible monsters within range! (Use Z to cast anyway.)
A goblin comes into view. It is wielding a +0 dagger.
A quokka comes into view.
A frilled lizard comes into view.
Found a scroll labelled QUAFUM NOIPPAO.
Found two stone staircases leading down.
The hobgoblin shouts!
You hear a bark!
You hear a shout!
The frilled lizard hisses angrily.
A rat comes into view.
The blast of sand hits the hobgoblin.
You kill the hobgoblin!
The goblin shouts!
A jackal comes into view.
The quokka barely misses you. The quokka closely misses you.
The blast of sand misses the goblin.
The goblin closely misses you.
A kobold comes into view. It is wielding a +0 short sword.
The quokka bites you.
A ball python comes into view.
The goblin closely misses you.
The blast of sand hits the goblin!
You kill the goblin!
The ball python hisses angrily.
A jackal comes into view.
The quokka twitches its whiskers.
The quokka bites you.
Ouch! That really hurt!
* * * LOW HITPOINT WARNING * * *
The quokka barely misses you.
You are too injured to fight recklessly!
You are too injured to fight recklessly!
You are too injured to fight recklessly!
The quokka attacks as you move away! The quokka closely misses you.
The jackal bites you.
* * * LOW HITPOINT WARNING * * *
The frilled lizard attacks as you move away!
The frilled lizard barely misses you. The quokka attacks as you move away!
The quokka bites you.
Ouch! That really hurt!
You die...

.....>.#####....
................
..?#...........
............h.
#.##............
##.>........r.....
#... #...h†..K#
##... ##..@r....##
.....##...l........
#..#..........###
#####.............#
..#
#.......†..###.S###
...##.........##
#..#
.............##
#..# .............#
.... .#########...#
...


You could see a quokka, 2 jackals, a ball python, a kobold, a frilled lizard and
a rat.

Vanquished Creatures
  A giant cockroach (D:1)
  A goblin (D:1)
  A hobgoblin (D:1)
  A frilled lizard (D:1)
  A rat (D:1)
5 creatures vanquished.

Notes
Turn   | Place    | Note
-------+----------+-------------------------------------------
     0 | D:1      | BigDaddyOpFi the Deep Elf Earth Elementalist began the
                  | quest for the Orb.
     0 | D:1      | Reached XP level 1. HP: 10/10 MP: 6/6
    29 | D:1      | Slain by a quokka

Illustrated notes

Levels and vault maps discovered:
D:1:      minmay_arrival_semitransparent, layout_rooms

Action                     || total
---------------------------++-------
   Cast: Sandblast         ||     7
  Dodge: Dodged            ||     7

Table legend: (Time is in decaauts)
 A = Elapsed time spent in this place.
 B = Non-inter-level travel time spent in this place.
 C = Inter-level travel time spent in this place.
 D = Time resting spent in this place.
 E = Time spent auto-exploring this place.
 F = Levels seen in this place.
 G = Mean time per level.
                   A        B        C        D        E       F      G
               +--------+--------+--------+--------+--------+-----+--------+
         Total |     32 |     32 |      0 |      0 |      3 |   1 |   32.0 |
       Dungeon |     32 |     32 |      0 |      0 |      3 |   1 |   32.0 |
               +--------+--------+--------+--------+--------+-----+--------+

Top non-repeatable levels by time:
     D:1: 32 daAuts
